Map: Alcyone LE

Players

A.I. 1 (Very Easy)

  • Race: Terran Terran
  • Spawn Location: 1:00

BuRny - Winner!

  • Race: Terran Terran
  • Spawn Location: 7:00

VOD

Have the link to the VOD?

Description

Time

  • Played on: Jan. 20, 2024, 10:24 a.m.
  • Length: 6:56
Show
View Real Time Build Order
Export as new Build Order

A.I. 1 (Very Easy) Terran 

Build Orders:  

Get SALT Encoding   

  12  0:00  SCV  
  13  0:13  SCV  
  14  0:19  Supply Depot  
  14  0:37  Refinery  
  14  0:42  Barracks  
  14  1:03  Supply Depot  
  14  1:12  Refinery  
  14  1:28  SCV  
  14  1:29  Marine  
  16  1:41  SCV  
  17  1:53  SCV  
  18  2:04  Marine  
  18  2:05  SCV  
  20  2:17  SCV  
  21  2:29  SCV  
  22  2:39  Marine  
  22  2:41  Orbital Command  
  23  5:59  Marine, SCV  
  23  6:01  Supply Depot  
  23  6:03  Factory  
  25  6:23  SCV  
  26  6:26  Supply Depot  
  26  6:31  Marine  
  22  6:35  SCV  
  5  6:50  Command Center  
Show
View Real Time Build Order
Export as new Build Order

BuRny Terran - Winner!

Build Orders: Cyclone Opening 

Get SALT Encoding   

  12  0:00  SCV  
  13  0:12  SCV  
  14  0:17  Supply Depot  
  14  0:24  SCV  
  15  0:38  SCV  
  15  0:40  Barracks  
  16  0:43  Refinery  
  16  0:50  SCV  
  16  0:52  Refinery  
  17  1:03  SCV  
  18  1:15  SCV  
  19  1:27  Orbital Command, Reaper  
  20  1:42  Factory  
  20  1:45  Supply Depot  
  20  1:52  SCV  
  21  1:59  Reaper  
  22  2:04  SCV  
  23  2:17  SCV  
  23  2:18  Command Center  
  24  2:26  Cyclone  
  26  2:34  Barracks Reactor  
  26  2:36  Supply Depot  
  26  2:39  SCV  
  27  2:44  Starport  
  27  2:51  SCV  
  28  2:58  Factory Tech Lab  
  28  3:03  SCV  
  29  3:10  Marine x2  
  31  3:15  SCV  
  31  3:17  Siege Tank  
  35  3:23  Starport Tech Lab  
  35  3:24  Refinery  
  35  3:27  SCV  
  35  3:30  Orbital Command, Marine  
  35  3:32  Marine  
  38  3:39  SCV  
  39  3:50  Siege Tank  
  39  3:51  SCV  
  39  3:52  Barracks  
  43  3:56  SCV  
  43  3:58  Starport Reactor  
  44  4:03  SCV  
  44  4:08  Supply Depot, SCV  
  46  4:10  Marine  
  46  4:13  Stimpack  
  46  4:15  SCV  
  48  4:20  SCV  
  49  4:27  Siege Tank, SCV  
  49  4:29  Marine  
  49  4:30  Supply Depot  
  54  4:32  SCV  
  54  4:35  Medivac  
  57  4:40  SCV  
  57  4:42  Supply Depot  
  57  4:43  Marine  
  57  4:44  SCV, Marine  
  61  4:47  Marine  
  61  4:52  SCV, Medivac  
  65  4:56  SCV  
  65  4:57  Supply Depot  
  66  5:01  Marine  
  66  5:02  Marine  
  66  5:04  SCV  
  66  5:05  Siege Tank  
  72  5:09  Medivac  
  72  5:10  SCV  
  72  5:14  Marine  
  76  5:16  SCV  
  76  5:19  Marine x2  
  79  5:21  Supply Depot  
  79  5:23  Medivac, SCV  
  82  5:28  SCV  
  82  5:32  Marine  
  82  5:34  Engineering Bay  
  82  5:35  SCV, Engineering Bay  
  85  5:38  Refinery  
  85  5:44  Supply Depot  
  85  5:48  Marine  
  85  5:49  Siege Tank, Marine  
  90  5:50  Marine  
  90  5:51  SCV  
  92  6:00  SCV  
  92  6:03  SCV  
  94  6:06  Marine x2  
  96  6:12  SCV  
  96  6:14  Command Center  
  96  6:18  SCV  
  97  6:21  Marine  
  97  6:24  SCV  
  99  6:29  Barracks, Starport Reactor  
  99  6:32  Marine x2  
  100  6:36  SCV x2  
  100  6:39  Armory  
  101  6:46  Supply Depot  
  100  6:50  Supply Depot  
Tags
 
Matchup
TvT
Race
Terran
Spawn Locations
Cross Positions
Add a new tag
Caveats
  • Supply blocks, unpowered buildings, or Contaminate may cause inaccurate times.
  • Supply counts are checked every 10 seconds.